Map: Abyssal Reef LE

Players

Harstem

  • Race: Protoss Protoss
  • Spawn Location: 5:00

Neeb - Winner!

  • Race: Protoss Protoss
  • Spawn Location: 11:00

Event: IEM XI Katowice - World Championship 2017

VOD

Have the link to the VOD?

Description

Time

  • Played on: March 2, 2017, 9:49 a.m.
  • Length: 10:25

All games in this series

Show
View Real Time Build Order
Export as new Build Order

Harstem Protoss 

Build Orders: Phoenix Opening 

Get SALT Encoding   

  12  0:01  Probe (Chrono Boost)  
  13  0:11  Probe (Chrono Boost)  
  14  0:17  Pylon  
  14  0:22  Probe (Chrono Boost)  
  15  0:35  Probe (Chrono Boost)  
  16  0:37  Gateway  
  16  0:45  Probe (Chrono Boost)  
  16  0:46  Assimilator  
  17  0:51  Assimilator  
  17  0:56  Probe (Chrono Boost)  
  18  1:05  Gateway  
  18  1:08  Probe (Chrono Boost)  
  20  1:18  Probe (Chrono Boost)  
  20  1:24  Cybernetics Core  
  20  1:29  Probe (Chrono Boost)  
  20  1:32  Pylon  
  21  1:39  Probe (Chrono Boost)  
  22  1:50  Probe (Chrono Boost)  
  23  1:58  Stalker x2  
  28  2:01  Warp Gate  
  28  2:02  Probe (Chrono Boost)  
  28  2:09  Pylon  
  28  2:28  Stargate  
  28  2:34  Stalker  
  30  2:40  Stalker  
  32  2:59  Nexus  
  32  3:08  Phoenix  
  34  3:19  Pylon  
  34  3:24  Probe (Chrono Boost)  
  35  3:30  Phoenix  
  37  3:37  Probe (Chrono Boost)  
  40  3:54  Probe (Chrono Boost), Robotics Facility  
  39  3:57  Phoenix  
  41  4:06  Probe (Chrono Boost)  
  42  4:12  Probe (Chrono Boost)  
  44  4:17  Probe (Chrono Boost)  
  44  4:18  Phoenix  
  44  4:22  Probe (Chrono Boost)  
  47  4:29  Probe (Chrono Boost)  
  48  4:33  Probe (Chrono Boost)  
  48  4:34  Assimilator  
  48  4:38  Assimilator  
  49  4:40  Phoenix  
  49  4:42  Probe (Chrono Boost)  
  52  4:47  Probe (Chrono Boost)  
  54  4:54  Probe (Chrono Boost)  
  54  4:58  Probe (Chrono Boost), Immortal  
  59  5:03  Pylon  
  60  5:08  Probe (Chrono Boost)  
  59  5:16  Probe (Chrono Boost)  
  59  5:20  Probe (Chrono Boost)  
  57  5:26  Probe (Chrono Boost), Void Ray  
  56  5:30  Probe (Chrono Boost)  
  61  5:37  Probe (Chrono Boost)  
  61  5:41  Probe (Chrono Boost)  
  63  5:48  Probe (Chrono Boost)  
  59  5:52  Probe (Chrono Boost)  
  60  5:59  Probe (Chrono Boost)  
  60  6:03  Probe (Chrono Boost)  
  62  6:05  Void Ray  
  62  6:06  Sentry  
  62  6:07  Pylon, Stargate  
  69  6:12  Probe (Chrono Boost)  
  69  6:13  Probe (Chrono Boost)  
  69  6:16  Pylon  
  73  6:25  Probe (Chrono Boost)  
  73  6:26  Observer  
  73  6:27  Probe (Chrono Boost)  
  73  6:36  Probe (Chrono Boost)  
  76  6:41  Mothership Core (Chrono Boost)  
  76  6:42  Void Ray  
  77  6:47  Probe (Chrono Boost)  
  77  6:48  Nexus  
  77  6:51  Pylon, Immortal  
  86  7:02  Probe (Chrono Boost)  
  86  7:11  Robotics Bay  
  86  7:19  Void Ray  
  86  7:22  Pylon  
  86  7:25  Zealot, Adept  
  86  7:29  Pylon  
  94  7:37  Stargate, Observer  
  94  7:42  Probe (Chrono Boost)  
  96  7:53  Protoss Air Weapons Level 1  
  96  7:56  Probe (Chrono Boost)  
  96  7:57  Probe (Chrono Boost)  
  96  7:58  Forge  
  98  8:01  Probe (Chrono Boost)  
  98  8:03  Void Ray  
  99  8:07  Disruptor  
  108  8:12  Probe (Chrono Boost)  
  108  8:14  Pylon, Probe x2 (Chrono Boost)  
  108  8:19  Void Ray  
  108  8:25  Probe (Chrono Boost)  
  113  8:29  Assimilator, Probe (Chrono Boost)  
  113  8:30  Probe (Chrono Boost)  
  113  8:32  Assimilator  
  113  8:33  Photon Cannon  
  117  8:42  Photon Cannon  
  117  8:46  Photon Cannon  
  115  8:48  Photon Cannon  
  115  8:50  Disruptor  
  115  8:53  Void Ray  
  118  8:59  Probe (Chrono Boost)  
  123  9:05  Adept, Void Ray  
  129  9:21  Pylon  
  129  9:22  Pylon  
  129  9:26  Pylon  
  129  9:33  Void Ray  
  129  9:34  Fleet Beacon  
  127  9:41  Disruptor, Adept x2  
  127  9:45  Photon Cannon  
  136  10:03  Probe (Chrono Boost)  
  136  10:04  Pylon  
  136  10:06  Pylon  
Show
View Real Time Build Order
Export as new Build Order

Neeb Protoss - Winner!

Build Orders:  

Get SALT Encoding   

  12  0:05  Probe (Chrono Boost)  
  13  0:15  Probe (Chrono Boost)  
  14  0:21  Pylon  
  14  0:26  Probe (Chrono Boost)  
  15  0:39  Probe (Chrono Boost)  
  15  0:40  Gateway  
  16  0:45  Assimilator  
  17  0:50  Probe (Chrono Boost)  
  17  0:52  Assimilator  
  17  1:00  Probe (Chrono Boost)  
  18  1:06  Gateway  
  18  1:11  Probe (Chrono Boost)  
  19  1:21  Probe (Chrono Boost)  
  20  1:27  Cybernetics Core  
  20  1:32  Probe (Chrono Boost)  
  21  1:35  Pylon  
  21  1:42  Probe (Chrono Boost)  
  22  1:52  Warp Gate  
  22  1:53  Probe (Chrono Boost)  
  23  2:04  Stalker  
  23  2:05  Probe (Chrono Boost)  
  28  2:14  Stalker  
  29  2:19  Mothership Core (Chrono Boost)  
  30  2:29  Pylon  
  30  2:37  Robotics Facility  
  30  3:01  Nexus  
  30  3:11  Probe (Chrono Boost)  
  31  3:23  Observer, Probe (Chrono Boost)  
  31  3:26  Robotics Bay  
  33  3:33  Pylon  
  34  3:35  Probe (Chrono Boost)  
  34  3:39  Warp Prism  
  34  3:47  Probe (Chrono Boost)  
  37  3:58  Stalker  
  37  3:59  Probe (Chrono Boost)  
  41  4:11  Probe (Chrono Boost)  
  41  4:12  Disruptor  
  41  4:14  Probe (Chrono Boost)  
  41  4:15  Stalker  
  47  4:22  Gravitic Drive  
  47  4:26  Probe (Chrono Boost)  
  47  4:28  Probe (Chrono Boost)  
  49  4:36  Pylon  
  50  4:38  Probe (Chrono Boost)  
  50  4:39  Probe (Chrono Boost)  
  51  4:47  Twilight Council  
  51  4:49  Probe x2 (Chrono Boost)  
  53  4:54  Assimilator  
  53  4:56  Assimilator  
  53  4:59  Probe (Chrono Boost)  
  55  5:00  Probe (Chrono Boost)  
  55  5:03  Immortal  
  59  5:12  Blink, Pylon  
  59  5:13  Probe x2 (Chrono Boost)  
  61  5:24  Probe x2 (Chrono Boost)  
  63  5:35  Gateway, Forge  
  64  5:36  Probe (Chrono Boost)  
  64  5:37  Probe (Chrono Boost)  
  69  5:55  Probe x2 (Chrono Boost), Stalker  
  69  5:56  Stalker  
  66  5:57  Protoss Ground Weapons Level 1  
  66  6:02  Nexus  
  66  6:07  Probe x2 (Chrono Boost)  
  66  6:09  Observer  
  71  6:18  Sentry  
  71  6:19  Probe x2 (Chrono Boost), Sentry  
  71  6:22  Pylon  
  75  6:31  Probe (Chrono Boost)  
  76  6:35  Gateway  
  76  6:38  Probe (Chrono Boost)  
  77  6:41  Stalker  
  77  6:42  Stalker x2  
  77  6:46  Probe (Chrono Boost)  
  84  6:51  Pylon  
  84  6:56  Gateway  
  84  6:57  Gateway  
  84  7:01  Gateway  
  84  7:02  Templar Archives  
  84  7:06  Probe x2 (Chrono Boost)  
  86  7:10  Stalker  
  86  7:15  Probe (Chrono Boost)  
  89  7:16  Stalker x2  
  89  7:19  Probe (Chrono Boost)  
  95  7:23  Probe (Chrono Boost)  
  95  7:25  Pylon  
  95  7:31  Pylon  
  95  7:34  Probe (Chrono Boost)  
  95  7:35  Pylon  
  96  7:38  Protoss Ground Weapons Level 2  
  98  7:45  Zealot x4  
  98  7:50  Probe (Chrono Boost)  
  98  7:51  Probe x2 (Chrono Boost)  
  107  7:53  Charge  
  107  7:57  Assimilator  
  107  7:58  Assimilator  
  107  8:00  Probe (Chrono Boost)  
  107  8:03  Probe (Chrono Boost), Warp Prism  
  112  8:06  Probe (Chrono Boost)  
  112  8:15  Nexus  
  113  8:20  Probe (Chrono Boost)  
  113  8:21  Probe (Chrono Boost)  
  113  8:23  Probe (Chrono Boost)  
  113  8:25  Pylon  
  115  8:27  Pylon  
  115  8:30  High Templar x3  
  115  8:31  High Templar, Pylon  
  123  8:34  Archon x2  
  123  8:39  Gateway  
  123  8:42  Gateway x2  
  123  8:49  Gateway  
  123  8:51  Zealot, High Templar x2  
  129  8:57  Pylon  
  129  9:00  Archon  
  129  9:01  Pylon  
  129  9:10  High Templar x2  
  129  9:11  Zealot x2  
  129  9:12  Zealot  
  129  9:14  Archon  
  139  9:19  Pylon  
  139  9:20  Pylon x2  
  139  9:22  Pylon  
  139  9:24  Stalker x2  
  143  9:35  Pylon  
  143  9:37  Stalker x3  
  149  9:41  Zealot x3  
  155  10:01  Stalker x6  
  155  10:02  Stalker x2  
  122  10:21  Stalker x3  
  122  10:25  Stalker x6  

Tags
 
Add a new tag
Caveats
  • Supply blocks, unpowered buildings, or Contaminate may cause inaccurate times.
  • Supply counts are checked every 10 seconds.